 Dungeon Crawl Stone Soup version 0.28-a0-1638-g9123634e07 (webtiles) character file.

Game seed: 8171460430511650666

3 cheechan the Bolt Thrower (level 1, 19/19 HPs)
             Began as a Deep Dwarf Hunter on Jan 25, 2022.
             Quit the game on level 1 of the Dungeon.
             The game lasted 00:00:33 (78 turns).

cheechan the Bolt Thrower (Deep Dwarf Hunter)         Turns: 78, Time: 00:00:34

Health: 19/19      AC:  3    Str: 15    XL:     1   Next: 41%
Magic:  1/1        EV: 12    Int: 11    God:
Gold:   6          SH:  0    Dex: 13    Spells: 0/0 levels left

rFire   . . .      SeeInvis .   a - +1 hand crossbow
rCold   . . .      Faith    .   (no shield)
rNeg    . . .      Spirit   .   c - +0 leather armour
rPois   .          Reflect  .   (no helmet)
rElec   .          Harm     .   (no cloak)
rCorr   .          Rampage  .   (no gloves)
Will    .....                   (no boots)
Stlth   +.........              (no amulet)
HPRegen 0.00/turn               (no ring)
MPRegen 0.07/turn               (no ring)

@: no status effects
A: damage resistance, heal wounds, sense surroundings 1, no regeneration
a: Heal Wounds


You were on level 1 of the Dungeon.
You visited 1 branch of the dungeon, and saw 1 of its levels.

You collected 6 gold pieces.

Inventory:

Hand Weapons
 a - a +1 hand crossbow (weapon)
 b - a +0 short sword
Missiles
 d - 17 bolts (quivered ammo)
Armour
 c - a +0 leather armour (worn)


   Skills:
 + Level 2.0 Fighting
 + Level 4.4 Crossbows
 + Level 2.1 Dodging
 + Level 1.2 Stealth


You couldn't memorise any spells.
You didn't know any spells.
Your spell library was empty.

Dungeon Overview and Level Annotations

Branches:
Dungeon (1/15)

Altars:


Innate Abilities, Weirdness & Mutations

You are resistant to damage.
You can heal yourself by infusing magical energy.
You passively map a small area around you.
You do not regenerate.


Message History

Press: ? - help, Q - select action, (/) - cycle Shift-Dir - straight line, f - frilled lizard
Aim: a frilled lizard (48% to hit)
You shoot a bolt. The bolt hits the frilled lizard.
You kill the frilled lizard!
The bat barely misses you.
Fire: 19 bolts
Press: ? - help, Q - select action, (/) - cycle Shift-Dir - straight line, f - bat
Aim: a bat (51% to hit)
You shoot a bolt. The bolt hits the bat!
You kill the bat!
Your Fighting skill increases to level 2!
Fire: 18 bolts
Press: ? - help, Q - select action, (/) - cycle Shift-Dir - straight line, f - kobold
Aim: a kobold, wielding a +0 whip (59% to hit)
You shoot a bolt. The bolt hits the kobold.
The kobold is severely wounded.
The kobold hits you but does no damage.
Fire: 17 bolts
Press: ? - help, Q - select action, (/) - cycle Shift-Dir - straight line, f/p - kobold
Aim: a kobold, wielding a +0 whip (heavily wounded, 59% to hit)
You shoot a bolt. The bolt closely misses the kobold.
The kobold barely misses you.
Unknown command.
Fire: 16 bolts
Press: ? - help, Q - select action, (/) - cycle Shift-Dir - straight line, f/p - kobold
Aim: a kobold, wielding a +0 whip (heavily wounded, 59% to hit)
You shoot a bolt. The bolt hits the kobold.
You kill the kobold!
Unknown command.
d - 16 bolts (gained 1)
Things that are here:
a +0 whip; a kobold corpse
d - 17 bolts (gained 1)
You see here a frilled lizard corpse.
You open the door.
Found 6 gold pieces.
There is an open door here.
You now have 6 gold pieces.
Found a stone staircase leading down.
Are you sure you want to abandon this character and quit the game? (Confirm with "yes".)

......# * ####.##
###### * >.,,
##'#####....# ...
#......#....# .... *
#......#....######....
, *
#......#..............
#......#..............,
#.)....'..............
###......#......@...#
....†....#####......#
.........# #......#
......#### #......#
......# #......#
......# ########
......# ......# ......#


There were no monsters in sight!

Vanquished Creatures
  A bat (D:1)
  A kobold (D:1)
  A frilled lizard (D:1)
3 creatures vanquished.

Notes
Turn   | Place    | Note
-------+----------+-------------------------------------------
     0 | D:1      | cheechan the Deep Dwarf Hunter began the quest for the Orb.
     0 | D:1      | Reached XP level 1. HP: 19/19 MP: 1/1
    78 | D:1      | Quit the game

Illustrated notes

Levels and vault maps discovered:
D:1:      sevenhm_arrival_forest_fort_small_3, layout_basic

Skill      XL: |  1 |
---------------+----+-----
Fighting       | 2 |  2.0
Crossbows      | |  4.4
Dodging        | |  2.1
Stealth        | |  1.2

Action                   || total
-------------------------++-------
 Fire: Hand crossbow     ||     5
Armor: Leather armour    ||     1
Dodge: Dodged            ||     2

Table legend: (Time is in decaauts)
 A = Elapsed time spent in this place.
 B = Non-inter-level travel time spent in this place.
 C = Inter-level travel time spent in this place.
 D = Time resting spent in this place.
 E = Time spent auto-exploring this place.
 F = Levels seen in this place.
 G = Mean time per level.
                   A        B        C        D        E       F      G
               +--------+--------+--------+--------+--------+-----+--------+
         Total |     79 |     79 |      0 |      0 |      0 |   1 |   79.0 |
       Dungeon |     79 |     79 |      0 |      0 |      0 |   1 |   79.0 |
               +--------+--------+--------+--------+--------+-----+--------+

Top non-repeatable levels by time:
     D:1: 79 daAuts
